 Dungeon Crawl Stone Soup version 0.25.0-9-g26727b6 (webtiles) character file.

Game seed: 1097764383807645291

28 shmeve the Chopper (level 3, -2/49 HPs)
             Began as a Minotaur Berserker on June 19, 2020.
             Was a Believer of Trog.
             Slain by an adder (3 damage)
             ... on level 2 of the Dungeon.
             The game lasted 00:01:26 (1141 turns).

shmeve the Chopper (Minotaur Berserker)             Turns: 1141, Time: 00:01:27

Health: -2/49      AC:  2    Str: 21    XL:     3   Next: 0%
Magic:  2/2        EV: 12    Int:  5    God:    Trog [**....]
Gold:   47         SH:  0    Dex:  9    Spells: 2/2 levels left

rFire    . . .     SeeInvis .   a - +0 hand axe
rCold    . . .     Gourm    .   (no shield)
rNeg     . . .     Faith    .   b - +0 animal skin
rPois    .         Spirit   .   (helmet restricted)
rElec    .         Reflect  .   (no cloak)
rCorr    .         Harm     .   (no gloves)
MR       .....                  (no boots)
Stlth    ..........             (no amulet)
HPRegen  0.16/turn              (no ring)
MPRegen  0.08/turn              (no ring)

@: berserking, lethally poisoned (-2 -> -23), very quick
A: retaliatory headbutt, horns 2
a: Berserk, Trog's Hand, Renounce Religion


You were on level 2 of the Dungeon.
You worshipped Trog.
Trog was pleased with you.
You were hungry.

You visited 1 branch of the dungeon, and saw 2 of its levels.

You collected 47 gold pieces.

Inventory:

Hand Weapons
 a - a +0 hand axe (weapon)
Armour
 b - a +0 animal skin (worn)
 g - a +0 buckler
Scrolls
 d - 4 scrolls of identify {unknown}
 e - a scroll of remove curse {unknown}
 i - a scroll of amnesia {unknown}
 j - a scroll of magic mapping {unknown}
 k - a scroll of enchant weapon {unknown}
 l - a scroll of immolation {unknown}
Potions
 f - a potion of invisibility {unknown}
 h - a potion of mutation {unknown}
 m - a potion of berserk rage {unknown}
Comestibles
 c - 4 rations


   Skills:
 - Level 3.6 Fighting
 - Level 3.6 Axes
 - Level 2.4 Armour
 - Level 2.2 Dodging
 + Level 3.1 Shields


You had 2 spell levels left.
You didn't know any spells.
Your spell library was empty.

Dungeon Overview and Level Annotations

Branches:
Dungeon (2/15)

Altars:


Innate Abilities, Weirdness & Mutations

You reflexively headbutt those who attack you in melee.
You have a pair of horns on your head.


Message History

The bat barely misses you. The adder bites you.
* * * LOW HITPOINT WARNING * * *
You are more poisoned.
The adder poisons you! The adder barely misses you. The adder bites you.
* * * LOW HITPOINT WARNING * * *
You are more poisoned.
The adder poisons you!
You miss the adder. Your headbutt misses the adder.
The adder is heavily wounded.
You barely miss the adder.
* * * LOW HITPOINT WARNING * * *
You feel sick. The adder bites you.
* * * LOW HITPOINT WARNING * * *
The bat misses you.
You closely miss the adder.
The adder is heavily wounded.
You closely miss the bat. You barely miss the adder.
* * * LOW HITPOINT WARNING * * *
You feel sick. The bat hits you but does no damage. The adder bites you.
You die...

# #.#.....##### .....
#.##...##...# .......
#.###.......# .....<.
#...........# .......
#####.......##.......
#................
#........[.......
#........bS......
##.......@...?...
#......S.######.
..>......[#
####.......#
#........ .........##
.##......# ########


You could see 2 adders and a bat.

Vanquished Creatures
  A dart slug (D:1)
  A leopard gecko (D:1)
  2 giant cockroaches (D:1)
  2 goblins (D:1)
  2 hobgoblins (D:2)
  4 jackals (D:1)
  2 bats
  3 kobolds (D:1)
  A quokka skeleton (D:2)
  6 rats
24 creatures vanquished.

Notes
Turn   | Place    | Note
-------+----------+-------------------------------------------
     0 | D:1      | shmeve the Minotaur Berserker began the quest for the Orb.
     0 | D:1      | Reached XP level 1. HP: 19/19 MP: 0/0
   156 | D:1      | Reached skill level 1 in Shields
   318 | D:1      | Reached XP level 2. HP: 20/27 MP: 1/1
  1066 | D:2      | Reached ** piety under Trog
  1127 | D:2      | Reached XP level 3. HP: 25/33 MP: 2/2
  1140 | D:2      | HP: 2/49 [adder (4)]
  1141 | D:2      | Slain by an adder

Illustrated notes

Levels and vault maps discovered:
D:1:      roderic_octagonal_star, layout_loops_ring
D:2:      layout_basic, lemuel_coloured_pillars_altar, minmay_bisected

Skill      XL: |  1  2 |
---------------+-------+-----
Shields        | 1 3 |  3.1
Fighting       | |  3.6
Axes           | |  3.6
Armour         | |  2.4
Dodging        | |  2.2

Action                   || total
-------------------------++-------
Melee: Hand axe          ||    58
       Headbutt          ||     7
Invok: Berserk           ||     1
  Eat: Chunk             ||     1
Armor: Animal skin       ||    18
Dodge: Dodged            ||    54
